 Dungeon Crawl Stone Soup version 0.18-a0-943-g2c08dd4 (webtiles) character file.

222 Duffy the Chopper (level 6, -1/69 HPs)
             Began as a Formicid Gladiator on Dec 28, 2015.
             Succumbed to Yawgmoth's ghost's poison
             ... on level 3 of the Dungeon.
             The game lasted 00:03:03 (3398 turns).

Duffy the Chopper (Formicid Gladiator)              Turns: 3398, Time: 00:03:03

Health: -1/69      AC: 23    Str: 19    XL:     6   Next: 19%
Magic:  2/6        EV:  2    Int:  8    God:
Gold:   157        SH:  0    Dex: 13    Spells: 0 memorised, 5 levels left

rFire  . . .     SeeInvis .     a - +0 war axe
rCold  . . .     Gourm    .     (armour currently unavailable)
rNeg   + + +     Faith    .     (no shield)
rPois  +         Spirit   +     (helmet unavailable)
rElec  .         Dismiss  .     (cloak currently unavailable)
rCorr  .         Reflect  .     (gloves currently unavailable)
SustAt .         Harm     .     (boots currently unavailable)
MR     .....                    q - amulet of guardian spirit
Stlth  +.........               (no ring)
                                b - ring of flight

@: lethally poisoned (-1 -> -21), tree-form, invisible, not resistant to hostile
enchantments, very unstealthy
A: permanent stasis, dig shafts and tunnels, four strong arms, (antennae 0)
a: no special abilities


You were on level 3 of the Dungeon.
You were not hungry.
You were a tree.
You visited 1 branch of the dungeon, and saw 3 of its levels.

You collected 157 gold pieces.


Innate Abilities, Weirdness & Mutations

You are under a permanent stasis effect.
You can dig through walls and to a lower floor.
Your four strong arms can wield two-handed weapons with a shield.
((You have a pair of large antennae on your head (SInv).))


   Skills:
 - Level 2.4 Fighting
 + Level 5.9 Axes
 - Level 2.0 Throwing
 - Level 2.6 Dodging
 + Level 2.4 Shields


You had 5 spell levels left.
You didn't know any spells.

Inventory:

Hand Weapons
 a - a +0 war axe (weapon)
Missiles
 c - 3 throwing nets (quivered)
 s - 3 poisoned needles
Armour
 m - a +0 pair of boots (melded)
 o - a +0 chain mail (melded)
 r - a +0 cloak (melded)
 x - a +0 large shield
Jewellery
 b - a ring of flight (left branch)
 q - an amulet of guardian spirit (around neck)
Scrolls
 g - 2 scrolls of identify {unknown}
 i - 3 scrolls of remove curse {unknown}
 l - 3 scrolls of random uselessness {unknown}
 n - a scroll of teleportation {unknown}
 t - a scroll of enchant armour {unknown}
 v - a scroll of fog {unknown}
Potions
 e - 2 potions of lignification
 h - a potion of invisibility
 k - 2 potions of curing {unknown}
 p - a potion of agility {unknown}
 u - a potion of haste {unknown}
 w - a potion of mutation {unknown}
 A - a potion of berserk rage {unknown}
Comestibles
 d - 6 bread rations
 f - 4 beef jerkies
 j - 3 meat rations
 z - a slice of pizza

Dungeon Overview and Level Annotations

Branches:
Dungeon (3/15)

Altars:

Annotations:
D:3 Yawgmoth's ghost, amateur DsAK


Message History

You are too injured to fight recklessly!
You are too injured to fight recklessly!
You are too injured to fight recklessly!
You are too injured to fight recklessly!
You are too injured to fight recklessly!
You are too injured to fight recklessly!
You feel sick.
There is a stone staircase leading down here.
You feel sick.
You feel sick.
There is a stone staircase leading up here.
You feel sick.
You feel sick.
You feel sick.
You feel sick.
You feel sick.
Drink which item? (? for menu, Esc to quit)
It was a potion of lignification.
You turn into a tree.
Your +0 cloak melds into your body.
Your +0 pair of boots melds into your body.
Your +0 chain mail melds into your body.
Your roots penetrate the ground.
You feel sick.
Yawgmoth's ghost hits you but does no damage.
You hit Yawgmoth's ghost.
Yawgmoth's ghost is lightly damaged.
You feel sick.
Yawgmoth's ghost hits you but does no damage.
You hit Yawgmoth's ghost but do no damage.
Yawgmoth's ghost is lightly damaged.
You feel sick. Yawgmoth's ghost hits you!
You are more poisoned.
Drink which item? (? for menu, Esc to quit)
It was a potion of invisibility.
You fade into invisibility!
You die...

###### #....#
#.##.####
###.......###########
#......##.##....7W..#
#.#.#........######.#
#.#.#.###.####
###.####
#.........####
#..<...#
#..##.#......#
#.#.##.#
#..##.#......# #.#>#
# ......#......# #
#.# #######.#######
#..)...# #.# #.#
##.##.....#.#


You could see Yawgmoth's ghost.

Action                   |  1- 3 |  4- 6 || total
-------------------------+-------+-------++-------
Melee: War axe           |    90 |   139 ||   229
 Abil: Dig               |     1 |     1 ||     2
  Use: Potion            |       |     2 ||     2
  Eat: Chunk             |     2 |     6 ||     8

Notes
Turn   | Place    | Note
--------------------------------------------------------------
     0 | D:1      | Duffy the Formicid Gladiator began the quest for the Orb.
     0 | D:1      | Reached XP level 1. HP: 16/16 MP: 1/1
   258 | D:1      | Reached XP level 2. HP: 21/23 MP: 2/2
   929 | D:2      | Reached XP level 3. HP: 28/28 MP: 3/3
  1147 | D:2      | Noticed Robin
  1161 | D:2      | Reached skill level 4 in Axes
  1168 | D:2      | Killed Robin
  1464 | D:2      | Reached XP level 4. HP: 34/34 MP: 0/4
  2219 | D:3      | Reached skill level 5 in Axes
  2367 | D:3      | Reached XP level 5. HP: 21/39 MP: 1/5
  2584 | D:3      | Reached skill level 1 in Shields
  3007 | D:3      | Reached XP level 6. HP: 46/46 MP: 6/6
  3025 | D:3      | Reached skill level 2 in Shields
  3377 | D:3      | Noticed Yawgmoth's ghost (amateur DsAK)
  3398 | D:3      | Succumbed to Yawgmoth's ghost's poison

Vault maps used:
D:1:      onia_arrival_mini_spirals, corexii_leaking_fountain, grunt_decor_cap
D:2:      first_bread, kennysheep_small_spiral, uniq_robin
D:3:      wad_crossroads

Vanquished Creatures
  An orc priest
  2 orc wizards Robin
  4 adders
  2 oozes
  2 worms
  2 giant geckos
  7 orcs
  2 ball pythons
  7 bats
  7 goblins
  11 hobgoblins
  A quokka
  5 giant cockroaches
  A giant newt
  9 kobolds
  5 rats
69 creatures vanquished.
